 Dungeon Crawl Stone Soup version 0.24.0-35-gdb84b6a5db (webtiles) character file.

Game seed: 6386756794804278807, levelgen mode: deterministic

5922 Iamsoldier the Magician (level 10, -1/79 HPs)
             Began as a Gnoll Skald on Nov 20, 2019.
             Was an Elder of Okawaru.
             Slain by a two-headed ogre
             ... wielding a cursed +0 giant club
              (17 damage)
             ... on level 9 of the Dungeon.
             The game lasted 00:27:30 (7912 turns).

Iamsoldier the Magician (Gnoll Skald)               Turns: 7912, Time: 00:27:31

Health: -1/79      AC:  7    Str: 19    XL:     10   Next: 83%
Magic:  21/21      EV: 16    Int: 17    God:    Okawaru [****..]
Gold:   484        SH:  0    Dex: 15    Spells: 15/24 levels left

rFire    . . .     SeeInvis .   b - +4 quarterstaff (chaos)
rCold    . . .     Gourm    .   (shield currently unavailable)
rNeg     . . .     Faith    .   n - +1 leather armour
rPois    +         Spirit   .   (no helmet)
rElec    .         Reflect  .   s - +0 cloak {rPois}
rCorr    .         Harm     .   z - +0 pair of gloves
MR       .....                  (no boots)
Stlth    ++++......             (no amulet)
HPRegen  0.00/turn              i - ring of stealth
MPRegen  0.17/turn              I - +4 ring of strength

@: no status effects
A: distributed training, fangs 1, mutation resistance 1, inhibited regeneration,
strong nose
a: Heroism, Renounce Religion


You were on level 9 of the Dungeon.
You worshipped Okawaru.
Okawaru was greatly pleased with you.
You were not hungry.

You visited 2 branches of the dungeon, and saw 11 of its levels.

You collected 484 gold pieces.

Inventory:

Hand Weapons
 a - a +0 spear
 b - a +4 quarterstaff of chaos (weapon)
 L - a +0 fustibalus
Missiles
 p - 3 atropa-tipped darts
 B - 12 boomerangs (quivered)
Armour
 n - a +1 leather armour (worn)
 r - a +0 shield
 s - a +0 cloak of poison resistance (worn)
 y - a scarf of resistance
 z - a +0 pair of gloves (worn)
 D - the +3 ring mail "Ikil Gaf" {Int+9}
   (You found it on level 7 of the Dungeon)

   It affects your intelligence (+9).
Jewellery
 i - a ring of stealth (left hand)
 I - a +4 ring of strength (right hand)
Wands
 q - a wand of flame (20)
 v - a wand of scattershot (6)
 A - a wand of clouds (3)
Scrolls
 e - 3 scrolls of enchant armour
 f - a scroll of identify
 j - 3 scrolls of amnesia {unknown}
 k - 4 scrolls of remove curse
 o - a scroll of blinking {unknown}
 t - 5 scrolls of teleportation {unknown}
 x - 2 scrolls of magic mapping {unknown}
 G - a scroll of noise {unknown}
 J - a scroll of fog {unknown}
Potions
 c - a potion of haste
 g - 2 potions of heal wounds
 h - 2 potions of cancellation
 l - 8 potions of curing
 m - a potion of might
 u - a potion of berserk rage
 w - 3 potions of brilliance
 C - 2 potions of lignification
 F - 2 potions of agility {unknown}
 K - a potion of magic {unknown}
Comestibles
 d - 19 rations


   Skills:
 + Level 7.3 Fighting
 + Level 5.5 Short Blades
 + Level 5.5 Long Blades
 + Level 5.5 Axes
 + Level 5.5 Maces & Flails
 + Level 7.3 Polearms
 + Level 5.5 Staves
 + Level 5.5 Slings
 + Level 5.5 Bows
 + Level 5.5 Crossbows
 + Level 5.5 Throwing
 + Level 6.2 Armour
 + Level 7.3 Dodging
 + Level 5.5 Stealth
 + Level 5.5 Shields
 + Level 5.5 Unarmed Combat
 + Level 7.5 Spellcasting
 + Level 4.5 Conjurations
 + Level 4.5 Hexes
 + Level 7.2 Charms
 + Level 4.5 Summonings
 + Level 4.5 Necromancy
 + Level 4.5 Translocations
 + Level 4.5 Transmutations
 + Level 4.5 Fire Magic
 + Level 4.5 Ice Magic
 + Level 4.5 Air Magic
 + Level 4.5 Earth Magic
 + Level 4.5 Poison Magic
 + Level 6.1 Invocations
 + Level 5.5 Evocations


You had 15 spell levels left.
You knew the following spells:

 Your Spells              Type           Power        Failure   Level  Hunger
a - Infusion              Chrm           ####         1%          1    None
b - Shroud of Golubria    Chrm/Tloc      ####..       1%          2    None
c - Spectral Weapon       Hex/Chrm       ####....     3%          3    ##.....
d - Regeneration          Chrm/Necr      ####......   3%          3    ##.....

Your spell library contained the following spells:

 Spells                   Type           Power        Failure   Level  Hunger
 Song of Slaying          Chrm           ####....     1%          2    None


Dungeon Overview and Level Annotations

Branches:
Dungeon (10/15)            Temple (1/1) D:5            Lair (0/6) D:8
    Orc: D:9-12

Altars:
Ashenzari
Cheibriados
Dithmenos
Elyvilon
Fedhas
Gozag
Hepliaklqana
Kikubaaqudgha
Makhleb
Nemelex Xobeh
Okawaru
Qazlal
Ru
Sif Muna
Trog
Uskayaw
Vehumet
Wu Jian
Xom
Yredelemnul
Zin
The Shining One

Shops:
D:8 !=


Innate Abilities, Weirdness & Mutations

Your experience applies equally to all skills.
You have very sharp teeth.
Your uncanny sense of smell can sniff out nearby items.
You are somewhat resistant to further mutation.
You do not regenerate when monsters are visible.


Message History

The two-headed ogre barely misses you.
The two-headed ogre hits you with a +0 giant club!!
* * * LOW HITPOINT WARNING * * *
Casting: Shroud of Golubria (safe; 1% risk of failure)
Confirm with . or Enter, or press ? or * to list all spells.
You draw out your weapon's spirit!
The orc warrior hits your spectral weapon with a +0 short sword!!
Your spectral weapon shares its damage with you!
* * * LOW HITPOINT WARNING * * *
Unknown command.
Unknown command.
You feel much better.
The two-headed ogre hits you with a cursed +0 giant club!
* * * LOW HITPOINT WARNING * * *
The two-headed ogre hits you with a +0 giant club.
* * * LOW HITPOINT WARNING * * *
The orc warrior hits your spectral weapon with a +0 short sword.
Your spectral weapon fades away.
The two-headed ogre hits you with a cursed +0 giant club!
You die...

.......#.......#.....#
.......#.......+.....#
.......#.......#.....#
.......#.......#.....#
.......#.......#.....#
.......#.......#.....#
#####..#.......'.....#
....#..#.......#.....#
....#..#.......'@....#
....#..#########O....#
....#..........o....##
....#...............#
....#...........#####
....#...........#
....#...........#
....#...........#
....#...........####


You could see a two-headed ogre and an orc warrior.

Vanquished Creatures
  A glowing orange brain (D:8)
  2 manticores (D:9)
  A centaur skeleton (D:10)
  A blink frog (shapeshifter) (D:5)
  2 hippogriffs (D:8)
  A basilisk (D:8)
  3 water moccasins
  2 ice beasts
  A sky beast (D:9)
  An orc warrior (D:8)
  An eye of draining (D:9)
  2 phantoms (D:6)
  4 ogres
  A crocodile (D:8)
  3 centaurs
  A big kobold (D:9)
  2 bullfrogs
  6 scorpions
  5 howler monkeys
  3 crimson imps
  A centaur zombie (D:7)
  4 bullfrog zombies
  4 hounds
  3 jellies
  An orc priest (D:8)
  Crazy Yiuf (D:2)
  2 bullfrog skeletons (D:6)
  5 orc wizards
  Jessica (D:3)
  Terence (D:2)
  An iguana (D:6)
  7 worker ants
  A hound zombie (D:7)
  Robin (D:2)
  6 adders
  A shadow imp (D:9)
  2 adder skeletons
  3 worms (D:2)
  3 dart slugs
  6 leopard geckos
  20 orcs
  8 bats
  4 giant cockroaches
  14 goblins
  12 hobgoblins
  12 jackals
  3 quokkas
  A ball python (D:2)
  4 frilled lizards
  A jackal zombie (D:9)
  10 kobolds
  7 rats
193 creatures vanquished.

Vanquished Creatures (collateral kills)
  Ijyb (D:3)
1 creature vanquished.

Vanquished Creatures (others)
  A water nymph (shapeshifter) (D:8)
  5 spectral weapons
6 creatures vanquished.

Grand Total: 200 creatures vanquished

Notes
Turn   | Place    | Note
-------+----------+-------------------------------------------
     0 | D:1      | Iamsoldier the Gnoll Skald began the quest for the Orb.
     0 | D:1      | Reached XP level 1. HP: 20/20 MP: 6/6
   214 | D:1      | Reached XP level 2. HP: 26/26 MP: 7/7
   239 | D:1      | Learned a level 2 spell: Shroud of Golubria
   402 | D:1      | Reached XP level 3. HP: 29/31 MP: 2/9
   518 | D:1      | Reached skill level 5 in Spellcasting
   678 | D:2      | Learned a level 3 spell: Spectral Weapon
   682 | D:2      | Learned a level 3 spell: Regeneration
   810 | D:2      | Reached skill level 1 in Invocations
   991 | D:2      | Reached skill level 1 in Short Blades
   991 | D:2      | Reached skill level 1 in Long Blades
   991 | D:2      | Reached skill level 1 in Axes
   991 | D:2      | Reached skill level 1 in Maces & Flails
   991 | D:2      | Reached skill level 1 in Staves
   991 | D:2      | Reached skill level 1 in Slings
   991 | D:2      | Reached skill level 1 in Bows
   991 | D:2      | Reached skill level 1 in Crossbows
   991 | D:2      | Reached skill level 1 in Throwing
   991 | D:2      | Reached skill level 1 in Stealth
   991 | D:2      | Reached skill level 1 in Shields
   991 | D:2      | Reached skill level 1 in Unarmed Combat
   991 | D:2      | Reached skill level 1 in Evocations
   991 | D:2      | Reached XP level 4. HP: 35/38 MP: 0/11
  1112 | D:2      | Noticed Terence
  1128 | D:2      | Killed Terence
  1128 | D:2      | Reached skill level 1 in Conjurations
  1128 | D:2      | Reached skill level 1 in Hexes
  1128 | D:2      | Reached skill level 1 in Summonings
  1128 | D:2      | Reached skill level 1 in Necromancy
  1128 | D:2      | Reached skill level 1 in Translocations
  1128 | D:2      | Reached skill level 1 in Transmutations
  1128 | D:2      | Reached skill level 1 in Fire Magic
  1128 | D:2      | Reached skill level 1 in Ice Magic
  1128 | D:2      | Reached skill level 1 in Air Magic
  1128 | D:2      | Reached skill level 1 in Earth Magic
  1128 | D:2      | Reached skill level 1 in Poison Magic
  1359 | D:2      | Reached XP level 5. HP: 42/43 MP: 9/12
  1360 | D:2      | Noticed Robin
  1383 | D:2      | Killed Robin
  1644 | D:2      | Found a runed translucent door.
  1645 | D:2      | Noticed Crazy Yiuf
  1655 | D:2      | Killed Crazy Yiuf
  1818 | D:3      | Noticed Jessica
  1825 | D:3      | Killed Jessica
  1933 | D:3      | Reached XP level 6. HP: 50/50 MP: 4/13
  1995 | D:3      | Noticed Ijyb
  2170 | D:3      | Killed Ijyb
  2683 | D:4      | Reached skill level 5 in Fighting
  2683 | D:4      | Reached skill level 5 in Polearms
  2683 | D:4      | Reached skill level 5 in Dodging
  2769 | D:4      | Reached XP level 7. HP: 54/56 MP: 1/15
  3272 | D:5      | Entered Level 5 of the Dungeon
  3342 | D:5      | Reached XP level 8. HP: 51/63 MP: 9/16
  3597 | D:5      | Found a staircase to the Ecumenical Temple.
  3606 | Temple   | Entered the Ecumenical Temple
  3648 | Temple   | Became a worshipper of Warmaster Okawaru
  3943 | D:5      | Noticed a shapeshifter
  3943 | D:5      | a worker ant changed into a shapeshifter
  3943 | D:5      | Noticed a blink frog
  3943 | D:5      | a shapeshifter changed into a blink frog
  3950 | D:5      | Killed a blink frog
  4198 | D:6      | Found a shadowy altar of Dithmenos.
  4347 | D:6      | Found a sparkling altar of Nemelex Xobeh.
  4362 | D:6      | Reached * piety under Okawaru
  4373 | D:6      | Reached XP level 9. HP: 59/69 MP: 16/18
  4961 | D:7      | Got a brightly glowing ring mail
  5038 | D:7      | Identified the +3 ring mail "Ikil Gaf" {Int+9} (You found
                  | it on level 7 of the Dungeon)
  5070 | D:7      | Reached skill level 5 in Armour
  5485 | D:8      | Found Raesis's Distillery.
  5537 | D:8      | Reached ** piety under Okawaru
  5622 | D:8      | Reached skill level 5 in Invocations
  5645 | D:8      | Found a staircase to the Lair.
  5645 | D:8      | Noticed an elephant
  5657 | D:8      | Noticed a glowing shapeshifter
  5657 | D:8      | Noticed a water nymph
  5657 | D:8      | a glowing shapeshifter changed into a water nymph
  5657 | D:8      | Banished a water nymph
  5657 | D:8      | Reached XP level 10. HP: 20/77 MP: 15/20
  5939 | D:8      | Noticed a glowing orange brain
  5939 | D:8      | an elephant changed into a glowing orange brain
  5941 | D:8      | Killed a glowing orange brain
  5985 | D:8      | Reached skill level 5 in Short Blades
  5985 | D:8      | Reached skill level 5 in Long Blades
  5985 | D:8      | Reached skill level 5 in Axes
  5985 | D:8      | Reached skill level 5 in Maces & Flails
  5985 | D:8      | Reached skill level 5 in Staves
  5985 | D:8      | Reached skill level 5 in Slings
  5985 | D:8      | Reached skill level 5 in Bows
  5985 | D:8      | Reached skill level 5 in Crossbows
  5985 | D:8      | Reached skill level 5 in Throwing
  5985 | D:8      | Reached skill level 5 in Stealth
  5985 | D:8      | Reached skill level 5 in Shields
  5985 | D:8      | Reached skill level 5 in Unarmed Combat
  5985 | D:8      | Reached skill level 5 in Evocations
  6278 | D:8      | Found Roycsik's Jewellery Shop.
  6651 | D:9      | Gained mutation: You are somewhat resistant to further
                  | mutation. [potion of mutation]
  6651 | D:9      | Gained mutation: You do not regenerate when monsters are
                  | visible. [potion of mutation]
  7005 | D:9      | Reached *** piety under Okawaru
  7181 | D:9      | Noticed a manticore
  7192 | D:9      | Killed a manticore
  7192 | D:9      | Received a gift from Okawaru
  7457 | D:9      | Noticed a manticore
  7474 | D:9      | Killed a manticore
  7606 | D:10     | Entered Level 10 of the Dungeon
  7641 | D:10     | Reached **** piety under Okawaru
  7645 | D:10     | Noticed a two-headed ogre
  7878 | D:9      | HP: 1/79 [orc warrior/+0 short sword (7)]
  7912 | D:9      | Slain by a two-headed ogre

Levels and vault maps discovered:
D:1:      lightli_arrival_chessboard, layout_rooms
D:2:      layout_rooms, chequers_serial_rivers_small_a, uniq_crazy_yiuf_cottage,
          uniq_terence, uniq_robin
D:3:      layout_basic, serial_glass, glass_columns_a, glass_columns_a,
          uniq_ijyb, uniq_jessica
D:4:      layout_rooms
D:5:      layout_basic, minmay_temple_entry_mist, first_ration
D:6:      layout_rooms, nemelex_xobeh_ov_fountains_minmay,
          grunt_dithmenos_shadows
D:7:      layout_loops_ring
D:8:      layout_gridville, david_lair_generic, serial_shops,
          nicolae_shop_competitors_out_of_business, shop
D:9:      layout_irregular_city
D:10:     layout_basic
Temple:   regret_index_temple_sigil_plot

Skill      XL: |  1  2  3  4  5  6  7  8  9 10 |
---------------+-------------------------------+-----
Spellcasting   | 5 6 7 |  7.5
Invocations    | 1 2 3 4 5 6 |  6.1
Short Blades   | 1 2 3 4 5 |  5.5
Long Blades    | 1 2 3 4 5 |  5.5
Axes           | 1 2 3 4 5 |  5.5
Maces & Flails | 1 2 3 4 5 |  5.5
Staves         | 1 2 3 4 5 |  5.5
Slings         | 1 2 3 4 5 |  5.5
Bows           | 1 2 3 4 5 |  5.5
Crossbows      | 1 2 3 4 5 |  5.5
Throwing       | 1 2 3 4 5 |  5.5
Stealth        | 1 2 3 4 5 |  5.5
Shields        | 1 2 3 4 5 |  5.5
Unarmed Combat | 1 2 3 4 5 |  5.5
Evocations     | 1 2 3 4 5 |  5.5
Conjurations   | 1 2 3 4 |  4.5
Hexes          | 1 2 3 4 |  4.5
Summonings     | 1 2 3 4 |  4.5
Necromancy     | 1 2 3 4 |  4.5
Translocations | 1 2 3 4 |  4.5
Transmutations | 1 2 3 4 |  4.5
Fire Magic     | 1 2 3 4 |  4.5
Ice Magic      | 1 2 3 4 |  4.5
Air Magic      | 1 2 3 4 |  4.5
Earth Magic    | 1 2 3 4 |  4.5
Poison Magic   | 1 2 3 4 |  4.5
Armour         | 3 4 5 6 |  6.2
Fighting       | 5 6 7 |  7.3
Polearms       | 5 6 7 |  7.3
Dodging        | 5 6 7 |  7.3
Charms         | 6 7 |  7.2

Action                   |  1- 3 |  4- 6 |  7- 9 | 10-12 || total
-------------------------+-------+-------+-------+-------++-------
Melee: Spear             |    81 |    43 |       |       ||   124
       Bite              |     5 |     4 |    20 |    11 ||    40
       Short sword       |       |    33 |       |       ||    33
       Quarterstaff      |       |    52 |   203 |    75 ||   330
 Cast: Infusion          |     8 |     2 |       |       ||    10
       Spectral Weapon   |     3 |    15 |    27 |    17 ||    62
       Regeneration      |     1 |     5 |     6 |     7 ||    19
       Shroud of Golubri |       |     5 |    13 |    10 ||    28
Invok: Heroism           |       |       |     1 |     1 ||     2
  Use: Scroll            |     1 |     1 |     1 |     8 ||    11
       Potion            |       |       |       |     2 ||     2
 Stab: Sleeping          |     2 |     2 |     8 |     2 ||    14
       Distracted        |       |     1 |     2 |       ||     3
       Petrifying        |       |     1 |       |       ||     1
       Confused          |       |       |       |     1 ||     1
  Eat: Chunk             |       |     8 |    11 |     3 ||    22
       Ration            |       |       |       |     2 ||     2
Armor: Leather armour    |    11 |    23 |    56 |    25 ||   115
Dodge: Dodged            |    56 |    89 |   133 |    59 ||   337
